General information
- name: grudge
- type: Custom game
- host: dirtmcwordup
- saver: bLinn
map: TwistedMeadows
- players: 6
- length: 11:53
- speed: Fast
- version: 1.21 W3XP
- replay type:

» download(50 KB)
Players
team 1 (winner)

»
Mata. (
green | 144 APM | 1705 actions | 11:52)
3 Blademaster
2 Wind Walk
1 Critical Strike
3 Shadow Hunter
2 Hex
1 Healing Wave
» actions
| Assign group hotkey | 128 | |
| Basic commands | 9 | |
| Build / train | 41 | |
| ESC pressed | 4 | |
| Enter build submenu | 27 | |
| Enter hero's abilities submenu | 6 | |
| Right click | 949 | |
| Select / deselect | 408 | |
| Select group hotkey | 72 | |
| Use ability | 61 | |
1705 total
» units
| Peon | 12 | |
| Grunt | 4 | |
| Demolisher | 2 | |
| Troll Headhunter/Berserker | 3 | |
21 total
» upgrades
» buildings
| Altar of Storms | 1 | |
| Orc Burrow | 4 | |
| Barracks | 2 | |
| Stronghold | 2 | |
| War Mill | 1 | |
| Voodoo Lounge | 2 | |
| Watch Tower | 14 | |
26 total
» build order
00:03 Altar of Storms
00:18 Orc Burrow
00:49 Barracks
01:58 Orc Burrow
02:40 Stronghold
02:41 Stronghold
04:45 Orc Burrow
05:05 War Mill
05:12 Voodoo Lounge
05:13 Voodoo Lounge
05:27 Barracks
06:31 Orc Burrow
07:03 Watch Tower
07:04 Watch Tower
07:07 Watch Tower
07:19 Watch Tower
08:00 Watch Tower
08:01 Watch Tower
09:03 Watch Tower
09:05 Watch Tower
09:24 Watch Tower
09:49 Watch Tower
10:14 Watch Tower
10:32 Watch Tower
11:07 Watch Tower
11:45 Watch Tower
» items
team 2 (loser)

»
evil_pengoon (
pink | 80 APM | 952 actions | 11:51)
3 Paladin
1 Holy Light
2 Divine Shield
» actions
| Assign group hotkey | 13 | |
| Basic commands | 8 | |
| Build / train | 32 | |
| Enter build submenu | 18 | |
| Enter hero's abilities submenu | 3 | |
| Remove unit from queue | 3 | |
| Right click | 515 | |
| Select / deselect | 229 | |
| Select group hotkey | 87 | |
| Use ability | 44 | |
952 total
» units
| Peasant | 10 | |
| Footman | 6 | |
| Gryphon Rider | 2 | |
18 total
» upgrades
» buildings
| Altar of Kings | 1 | |
| Farm | 6 | |
| Barracks | 1 | |
| Scout Tower | 2 | |
| Lumber Mill | 2 | |
| Arcane Tower | 2 | |
| Guard Tower | 1 | |
| Keep | 1 | |
| Blacksmith | 1 | |
| Castle | 1 | |
| Gryphon Aviary | 2 | |
20 total
» build order
00:07 Altar of Kings
00:11 Farm
00:38 Farm
01:15 Barracks
01:41 Scout Tower
02:00 Farm
02:10 Lumber Mill
02:24 Lumber Mill
02:26 Arcane Tower
02:26 Arcane Tower
02:36 Farm
02:48 Scout Tower
04:04 Guard Tower
04:07 Keep
04:11 Farm
05:50 Farm
06:27 Blacksmith
06:34 Castle
06:42 Gryphon Aviary
06:49 Gryphon Aviary
refereesdirtmcwordup,
BEAR_AND,
bLinn,
GapInTheTooth Chat log
(00:03 / Referees) dirtmcwordup: yo hop on sbv
(00:03 / All) BEAR_AND: dirtmcgirt not here
(00:04 / Referees) bLinn: mata got orc HE HATES ORC
(00:07 / All) BEAR_AND: nobody to ruin the random
(00:10 / All) Mata.: green and pink,, the color certain flowers might have
(00:15 / All) evil_pengoon: gl hf
(00:18 / All) evil_pengoon: all replays available
(00:22 / All) evil_pengoon: @ highper.ch
(00:27 / All) dirtmcwordup: haha could u believe hes getting frost wyrms already........... something dirtmcgirt would say.
(00:33 / All) bLinn: it reminds me of a beautiful peony
(00:34 / All) Mata.: <font color=#FF0000>welcmoe to highper.ch</font>
(00:40 / All) Mata.: i wanna see if that works in the parser
(00:58 / All) GapInTheTooth: man the chick from weeds is smoking
(01:02 / All) Mata.: i get it
(01:15 / All) bLinn: Requesting referee radio silence from here on out... May your luck be exceeded only by your manner.
(01:20 / All) BEAR_AND: <? echo 'wiggedy'; ?>
(01:26 / All) Mata.: no it's not php sorry
(01:27 / Referees) dirtmcwordup: <img src="timon2.jpg">
(01:42 / Referees) bLinn: <img src="cockaaa.jpg">
(01:52 / All) Mata.: that wouldn't work but maybe something like "?> will fuck with the php
(01:59 / Referees) BEAR_AND: <a href="nutsonyochin.de.html">click</a>
(02:02 / Referees) bLinn: b<b>L</b>inn <i>rules</i>
(02:19 / All) Mata.: this is like sql injection but with html
(02:23 / Referees) BEAR_AND: wtf mata doin
(02:25 / Referees) dirtmcwordup: <font face=verdana size=+10> HI IM BLINN IM FUCKING GAY
(02:25 / Referees) bLinn: mata got confused
(02:26 / Referees) dirtmcwordup: GAY
(02:26 / Referees) dirtmcwordup: GA
(02:27 / Referees) dirtmcwordup: GAY
(02:28 / Referees) dirtmcwordup: GAY
(02:29 / Referees) dirtmcwordup: GAY
(02:29 / Referees) dirtmcwordup: GAY
(02:30 / Referees) dirtmcwordup: GAY
(02:31 / Referees) dirtmcwordup: GAY
(02:31 / Referees) dirtmcwordup: GYA
(02:32 / Referees) bLinn: </font>
(02:34 / Referees) dirtmcwordup: IM BLINN IM GAY
(02:34 / Referees) GapInTheTooth: <a href="www.goatse.cx">exclusive mata. nudes!!!!</href>
(02:35 / Referees) dirtmcwordup: fuck
(02:44 / Referees) bLinn: you fucked that up
(02:45 / Referees) bLinn: but good try
(02:49 / Referees) BEAR_AND: mata knows where he is
(02:51 / Referees) BEAR_AND: what is he doing
(02:53 / Referees) GapInTheTooth: v:)v
(02:59 / Referees) bLinn: mata giving pengoon a chance
(03:05 / Referees) bLinn: he wants me to buy myself a steak
(03:06 / Referees) dirtmcwordup: </1>
(03:10 / All) Mata.: sheesh
(03:11 / Referees) bLinn: <br>
(03:11 / Referees) dirtmcwordup: </a>
(03:12 / Referees) bLinn: <br>
(03:14 / Referees) bLinn: <br>
(03:22 / Referees) bLinn: <hr>
(03:23 / Referees) bLinn: <hr>
(03:25 / All) Mata.: need someone to vent hack for me
(03:29 / Referees) BEAR_AND: only 4
(03:30 / Referees) BEAR_AND: hahahahah
(03:32 / Referees) BEAR_AND: he gonna get fucked
(03:33 / Referees) dirtmcwordup: can you imbed hompy.mp3 through here bear and
(03:36 / Referees) bLinn: <marquee> Timg4strok sucks a lot of cock </marquee>
(03:53 / All) dirtmcwordup: push me
(03:58 / Referees) bLinn: oh jeez
(04:00 / Referees) BEAR_AND: <object><embed object="xspf.swf"></object> i think
(04:03 / Referees) bLinn: suckahs got stabbed
(04:04 / Referees) dirtmcwordup: end then just touch me..... until i get my
(04:07 / Referees) dirtmcwordup: satisfaction......
(04:10 / Referees) BEAR_AND: it's already embedded on replay page though
(04:16 / Referees) bLinn: just a case of clicken play
(04:18 / Referees) dirtmcwordup: did that remind ne1 of lobo2me's replay vid
(04:28 / Referees) bLinn: wow WHAT is mata doen
(04:32 / Referees) bLinn: tp tp
(04:32 / Referees) bLinn: tp
(04:35 / All) dirtmcwordup: pwncakes
(04:37 / Referees) BEAR_AND: why would he tp
(04:41 / All) Mata.: i made a lot of misclicks
(04:42 / Referees) bLinn: TO SAVE FACE
(04:49 / All) evil_pengoon: my life is a series of misclicks
(04:51 / Referees) GapInTheTooth: he'd look like a noob if he did
(04:52 / Referees) dirtmcwordup: that is basically anything but saving face
(05:03 / All) bLinn: declaring 'playing while high' as a pre-emptive noobscuse
(05:04 / All) dirtmcwordup: my nAMEA EP AND I GONNA Tower
(05:27 / Referees) BEAR_AND: funn y part is ep would have been fucked @ that creep
(05:30 / Referees) BEAR_AND: even if mata didn' jack
(05:35 / Referees) dirtmcwordup: nah
(05:36 / Referees) bLinn: mata going gruntapizzle or something
(05:37 / Referees) dirtmcwordup: he had holy light.
(05:45 / Referees) bLinn: are shreddaz out that early?
(05:47 / Referees) BEAR_AND: even w/ HL you need 5-6 milit & two foot
(05:55 / Referees) GapInTheTooth: shredders now i think
(05:57 / Referees) dirtmcwordup: ok bear and king of the hu
(06:07 / Referees) BEAR_AND: i been creepin that camp a lot lately
(06:08 / Referees) bLinn: king of the huge dicks
(06:09 / Referees) bLinn: in his mouth
(06:13 / Referees) dirtmcwordup: harsh
(06:16 / Referees) BEAR_AND: come on now.
(06:27 / Referees) dirtmcwordup: sometimes my cat takes a shit and my whole house smells sooooo bad
(06:28 / Referees) bLinn: ur right, that's no way to treat a fellow bro
(06:31 / Referees) bLinn: i apologise
(06:40 / Referees) BEAR_AND: biggity shiggity
(06:51 / Referees) bLinn: (blademaster/shadow hunter)
(06:54 / Referees) BEAR_AND: mata taking what does not belong to him
(06:55 / Referees) bLinn: tiggidy piggidy
(06:57 / Referees) bLinn: (tower push)
(07:20 / Referees) BEAR_AND: that tower is perfect spot i think
(07:31 / Referees) bLinn: perfect play tower placement
(07:33 / Referees) BEAR_AND: pala got one light
(07:38 / Referees) bLinn: betta use it well
(07:38 / Referees) BEAR_AND: 0
(07:54 / Referees) bLinn: mata getting his towers cancelled all over the haus
(08:05 / Referees) BEAR_AND: mata is greed of the noobing?
(08:10 / Referees) BEAR_AND: he could hav ekilled that whole aremy already
(08:11 / Referees) BEAR_AND: if he left pala
(08:20 / Referees) BEAR_AND: haha doesn't matter either way
(08:21 / Referees) bLinn: he knows dead pala ends game i guess
(08:29 / Referees) GapInTheTooth: gg
(08:39 / Referees) BEAR_AND: goons do not give up so easoily.......
(08:40 / All) evil_pengoon: thank god this is only my expansion
(08:44 / Referees) bLinn: haha
(08:49 / Referees) GapInTheTooth: lol
(08:51 / All) evil_pengoon: gg
(08:54 / All) Mata.: gg
(08:54 / All) dirtmcwordup: gg
(08:59 / All) bLinn: los gg
(09:08 / Referees) bLinn: mata's scouting
(09:10 / Referees) bLinn: just to be safe heh
(09:11 / All) BEAR_AND: 1 2 buckle my shoe
(09:18 / All) bLinn: 3 4 ...
(09:22 / All) bLinn: knock on my door
(09:22 / Referees) dirtmcwordup: <img src="timon2.jpg">
(09:25 / All) BEAR_AND: 3 4 alt qq
(09:29 / Referees) GapInTheTooth: he had better get that repair on
(09:31 / Referees) bLinn: haha that's good
(09:47 / Referees) dirtmcwordup: GRYPHON
(09:48 / Referees) BEAR_AND: hahahahahha
(09:50 / Referees) BEAR_AND: oh my god
(09:55 / Referees) bLinn: <a href="www.highper.ch"> Come to highper.ch for all your fun and re-plays </a>
(10:00 / Referees) BEAR_AND: apla gonna get level 5
(10:09 / Referees) bLinn: this game is better than it first appeared
(10:19 / Referees) GapInTheTooth: micro
(10:21 / Referees) GapInTheTooth: micro
(10:22 / Referees) GapInTheTooth: micro
(10:26 / Referees) bLinn: m i c r o
(10:27 / Referees) GapInTheTooth: could have saved his paly
(10:33 / Referees) BEAR_AND: hes a dota player
(10:39 / Referees) dirtmcwordup: <a href="www.highper.ch/p/timon2.jpg"> click this for hot sexy ladies nakes....</a?
(10:40 / Referees) dirtmcwordup: NO
(10:41 / Referees) bLinn: micro does not grant thy pally invincibility
(10:44 / Referees) dirtmcwordup: </a>
(10:54 / Referees) bLinn: what tha heck is timon2.jpg
(11:07 / Referees) BEAR_AND: clan bzrk gonna start trolling us by making all our replays have hyperlinks when we play them
(11:08 / Referees) dirtmcwordup: ep out of resources
(11:10 / Referees) dirtmcwordup: its cockaaa
(11:12 / Referees) GapInTheTooth: yeah good idea bad execution
(11:24 / Referees) BEAR_AND: teching straight to gryphons a good idea.
(11:29 / Referees) BEAR_AND: when is this true
(11:38 / Referees) dirtmcwordup: when enemy is afk
(11:38 / Referees) GapInTheTooth: if he microed he could have held out
(11:40 / Referees) bLinn: when is... ur face true
(11:41 / Referees) BEAR_AND: haha
(11:48 / Referees) BEAR_AND: you gotta look long term
(11:49 / Referees) BEAR_AND: held out waht
(11:51 / Referees) bLinn: manner expand